 Dungeon Crawl Stone Soup version 0.19-a0-1155-gb6eeeff (webtiles) character file.

531145 Ladykiller69 the Severer (level 26, -16/313 HPs)
             Began as a Formicid Fighter on Aug 12, 2016.
             Was the Champion of Cheibriados.
             Demolished by a death ooze (26 damage)
             ... created by the Royal Jelly
             ... on level 5 of the Pits of Slime on Aug 13, 2016.
             The game lasted 05:19:07 (41800 turns).

Ladykiller69 the Severer (Formicid Fighter)        Turns: 41800, Time: 05:19:08

Health: -16/313    AC:  5    Str: 45    XL:     26   Next: 97%
Magic:  16/32      EV:  2    Int: 24    God:    Cheibriados [******]
Gold:   3977       SH: 32    Dex: 30    Spells: 6 memorised, 18 levels left

rFire  . . .     SeeInvis .     B - +9 executioner's axe (flame)
rCold  + . .     Gourm    .     (armour currently unavailable)
rNeg   + + +     Faith    .     Z - +0 large shield
rPois  +         Spirit   .     (helmet unavailable)
rElec  .         Dismiss  .     (cloak currently unavailable)
rCorr  +         Reflect  +     (gloves currently unavailable)
MR     ++...     Harm     .     (boots currently unavailable)
Stlth  +++.......               G - +6 amulet of reflection
                                Q - ring of resist corrosion
                                T - ring of protection from cold

@: agile, tree-form (expiring), corroded, very slow
A: permanent stasis, dig shafts and tunnels, four strong arms, (antennae 0),
dopey 1
a: Bend Time, Temporal Distortion, Slouch, Step From Time, Renounce Religion
}: 3/15 runes: decaying, silver, gossamer


You were on level 5 of the Pits of Slime.
You worshipped Cheibriados.
Cheibriados was exalted by your worship.
You were not hungry.
You were a tree.
You visited 9 branches of the dungeon, and saw 45 of its levels.
You also visited: Labyrinth and Sewer.

You collected 5279 gold pieces.
You spent 1302 gold pieces at shops.

Inventory:

Hand Weapons
 B - a +9 executioner's axe of flaming (weapon)
Missiles
 p - 6 javelins of penetration
 q - 4 throwing nets
 C - 20 tomahawks (quivered)
 H - 3 tomahawks of returning
 X - 14 javelins
Armour
 d - a +5 gold dragon armour (melded)
 g - the +2 cloak of Tender Moments (melded) {rN+++ Int-4}
   (You found it on level 3 of the Swamp)

   It affects your intelligence (-4).
   It renders you almost immune to negative energy.
 E - a +1 pair of gloves of strength
 N - a +1 pair of gloves of archery (melded)
 U - a +1 pair of boots of stealth (melded)
 Z - a +0 large shield (worn)
Jewellery
 k - the ring "Viaxt" {rF+ Str+3}
   (You took it off a deep elf annihilator on level 3 of the Elven Halls)

   [ring of protection from fire]

   It affects your strength (+3).
   It protects you from fire.
 l - the ring "Acwiptoxuh" {Ice rElec Str-5 Int+5 Stlth+}
   (You found it in a labyrinth)

   [ring of ice]

   It enhances your ice magic.
   It affects your strength (-5).
   It affects your intelligence (+5).
   It makes you vulnerable to fire.
   It protects you from cold.
   It insulates you from electricity.
   It makes you more stealthy.
 m - an uncursed ring of protection from fire
 o - an uncursed ring of protection from cold
 s - an uncursed ring of protection from magic
 F - the ring of Robustness {AC+8}
   (You found it on level 5 of the Dungeon)

   [ring of protection]

   It affects your AC (+8).
 G - a +6 amulet of reflection (around neck)
 Q - a ring of resist corrosion (right branch)
 T - a ring of protection from cold (left branch)
Wands
 R - a wand of heal wounds (4/9)
Scrolls
 a - 3 scrolls of silence
 i - 6 scrolls of amnesia
 j - 9 scrolls of fog
 n - 6 scrolls of recharging
 r - 13 scrolls of identify
 w - 13 scrolls of remove curse
 y - 6 scrolls of noise
 L - 6 scrolls of magic mapping
 P - 6 scrolls of fear
 V - 2 scrolls of holy word
Potions
 e - 5 potions of flight
 h - 16 potions of curing
 t - 3 potions of invisibility
 u - a potion of resistance
 v - 5 potions of might
 z - 12 potions of heal wounds
 A - a potion of cure mutation
 D - 4 potions of ambrosia
 I - 5 potions of cancellation
 J - 5 potions of agility
 K - 2 potions of magic
 M - 6 potions of brilliance
 S - 4 potions of lignification
Books
 x - a Necronomicon

   Spells                             Type                      Level
   a - Haunt                          Necromancy/Summoning         7
   b - Borgnjor's Revivification      Necromancy                   8
   c - Death's Door                   Charms/Necromancy            8
   d - Infestation                    Necromancy                   8
   e - Necromutation                  Transmutation/Necromancy     8
Miscellaneous
 b - 2 phantom mirrors
 c - a phial of floods
 Y - a phial of floods
Comestibles
 f - 24 bread rations
 W - 9 meat rations


   Skills:
 + Level 17.4 Fighting
 * Level 20.8 Axes
 + Level 10.3 Throwing
 + Level 17.3 Armour
 + Level 14.3 Dodging
 - Level 15.0 Shields
 - Level 5.0 Spellcasting
 - Level 11.1 Conjurations
 - Level 6.0 Charms
 + Level 6.3 Summonings
 * Level 11.5 Translocations
 - Level 12.0 Invocations


You had 18 spell levels left.
You knew the following spells:

 Your Spells              Type           Power        Failure   Level  Hunger
a - Shroud of Golubria    Chrm/Tloc      #####.....   1%          2    None
b - Apportation           Tloc           ######....   1%          1    None
c - Portal Projectile     Tloc           ######       1%          3    ##.....
d - Poison Arrow          Conj/Pois      ####......   98%         6    #######
e - Passage of Golubria   Tloc           N/A          1%          4    ####...
f - Summon Butterflies    Summ           #####...     1%          1    None


Dungeon Overview and Level Annotations

Branches:
Dungeon (15/15)            Temple (1/1) D:6            Lair (6/6) D:10
  Swamp (4/4) Lair:4       Spider (4/4) Lair:3        Slime (5/5) Lair:6
    Orc (2/2) D:12            Elf (3/3) Orc:2        Vaults (5/5) D:13
  Crypt (0/3) Vaults:2
 Depths: D:15

Altars:
Ashenzari
Cheibriados
Dithmenos
Elyvilon
Fedhas
Gozag
Hepliaklqana
Kikubaaqudgha
Makhleb
Nemelex Xobeh
Okawaru
Pakellas
Qazlal
Ru
Sif Muna
Trog
Uskayaw
Vehumet
Xom
Yredelemnul
Zin
The Shining One
Beogh

Shops:
D:5 !   D:6 ?   D:13 *   D:14 *   Orc:2 ??}   Elf:2 }   Elf:3 *   Vaults:3 *=[%
Vaults:4 :%   Vaults:5 *

Portals:
Trove: Vaults:4 (show slimy rune of Zot)

Annotations:
D:5 Prince Ribbit
Lair:6 exclusion: oklob plant


Innate Abilities, Weirdness & Mutations

You are under a permanent stasis effect.
You can dig through walls and to a lower floor.
Your four strong arms can wield two-handed weapons with a shield.
((You have a pair of large antennae on your head. (SInv)))
You are dopey. (Int -2)


Message History

You block the death ooze's attack. The death ooze hits you!
* * * LOW HITPOINT WARNING * * *
You block the acid blob's attack. The acid blob spits acid at you.
The splash of acid reflects off an invisible shield around you!
The splash of acid hits the acid blob.
The acid blob completely resists.
The eye of draining gazes at you.
You feel your power leaking away. The azure jelly hits you.
* * * LOW HITPOINT WARNING * * *
The azure jelly freezes you! You resist.
* * * LOW HITPOINT WARNING * * *
The azure jelly hits you.
* * * LOW HITPOINT WARNING * * *
The azure jelly freezes you! You resist.
* * * LOW HITPOINT WARNING * * *
You block the azure jelly's attack.
The azure jelly hits you but does no damage.
The death ooze hits you!!
You die...

#[(!###.........
##)|?##..........
#()φ))###........
##!)?[##.........
#)#)[###.J.......
########GG.......
.G.#JJJ#J........
.#.GG#J♣JJG......
#########JG......
#}#%=###J.........
##()(?###...............
#$:|[?###...............
##$[$##.................
#?[$###.................
##/###..................
#....................


You could see 4 acid blobs, 3 azure jellies, 2 great orbs of eyes, 2 shining
eyes, an eye of devastation, 3 death oozes and 2 eyes of draining.

Vanquished Creatures
  the Royal Jelly (Slime:5)
  An ancient lich (Vaults:5)
  Sojobo (Vaults:4)
  Margery (Vaults:4)
  Saint Roka (Elf:3)
  2 golden dragons (Vaults:5)
  Jorgrun (Vaults:1)
  2 tentacled monstrosities
  A deep elf blademaster (Elf:2)
  A quicksilver dragon (Vaults:5)
  The ghost of Nattefrost the Bludgeoner, an adept OgBe of Trog (Spider:2)
  Asterion (Elf:1)
  13 acid blobs
  A lich (Vaults:4)
  4 titans (Vaults:5)
  Agnes (Elf:1)
  2 thorn hunters (Swamp:3)
  2 shadow dragons (Vaults:5)
  A storm dragon (shapeshifter) (Vaults:5)
  7 tengu reavers
  Kirke (Swamp:2)
  6 azure jellies
  4 storm dragons
  6 frost giants
  12 deep elf sorcerers
  2 iron dragons (Vaults:5)
  A frost giant (shapeshifter) (Vaults:5)
  Aizul (Vaults:4)
  4 fire giants
  3 ghost moths
  8 emperor scorpions
  14 vault wardens
  14 ironheart preservers
  4 deep elf elementalists
  17 very ugly things
  2 war gargoyles (Vaults:5)
  10 stone giants
  Nessos (Lair:5)
  7 deep elf demonologists
  A vampire knight (Vaults:2)
  9 entropy weavers
  A spark wasp (Spider:3)
  8 deep elf annihilators
  5 deep elf death magi
  8 ettins
  3 death oozes
  A minotaur (Lab)
  8 deep elf high priests
  2 green deaths (Swamp:4)
  7 great orbs of eyes
  3 fire dragons
  9 yaktaur captains
  4 ice dragons
  Erolcha (Orc:2)
  A rakshasa (Vaults:3)
  26 vault guards
  A small abomination (Vaults:5)
  18 hydras
  3 ghost crabs
  2 catoblepae
  2 centaur warriors
  8 ogre magi
  Erica (D:10)
  2 deep troll earth magi
  31 dancing weapons
  2 death knights
  10 alligators
  A storm dragon zombie (Vaults:4)
  2 orc high priests
  A shock serpent (shapeshifter) (Vaults:5)
  11 hell knights
  2 thrashing horrors (Swamp:4)
  30 deep elf knights
  Nergalle (Lair:1)
  A shadow wraith (Vaults:3)
  19 deep trolls
  3 skeletal warriors (Vaults:2)
  8 swamp dragons
  2 spriggan druids (Swamp:4)
  4 hill giants
  3 unseen horrors
  10 ironbrand convokers
  2 flayed ghosts (Vaults:3)
  4 shambling mangroves
  2 lindwurms (Lair:6)
  Pikel (D:4)
  10 wizards
  6 phantasmal warriors (Vaults:5)
  17 deep elf archers
  4 giant orange brains
  A harpy (shapeshifter) (Vaults:1)
  13 orc knights
  2 sphinx zombies (Vaults:1)
  5 necromancers
  34 ugly things
  A wolf spider (shapeshifter) (Elf:3)
  10 harpies
  3 orc sorcerers
  9 orb spiders
  A cyclops (shapeshifter) (Vaults:5)
  25 wolf spiders
  A wolf spider zombie (D:15)
  A manticore (D:12)
  5 shining eyes
  81 deep elf magi
  A salamander (shapeshifter) (Elf:1)
  7 cyclopes
  11 hornets
  9 griffons
  A moth of wrath (shapeshifter) (Vaults:2)
  2 moths of wrath
  A fire giant skeleton (Vaults:4)
  6 elephants
  12 vault sentinels
  A black mamba (Lair:1)
  A guardian serpent (shapeshifter) (Vaults:3)
  A torpor snail (shapeshifter) (Vaults:1)
  An eye of devastation (Slime:2)
  The ghost of epen the Covert, a novice SpMo (D:6)
  Psyche (D:9)
  7 torpor snails
  2 orange demons (Swamp:4)
  17 spiny frogs
  A kobold demonologist (D:14)
  2 rime drakes
  11 komodo dragons
  8 freezing wraiths
  11 demonic crawlers
  28 yaktaurs
  A guardian mummy (Vaults:4)
  A meliai (shapeshifter) (Vaults:4)
  A queen bee (shapeshifter) (Vaults:1)
  A tengu simulacrum (Vaults:2)
  4 trolls
  A jumping spider (shapeshifter) (Vaults:5)
  9 giant leeches
  18 two-headed ogres
  A raiju (shapeshifter) (Vaults:2)
  36 jumping spiders
  Grinder (D:5)
  A boulder beetle (shapeshifter) (Vaults:3)
  86 slime creatures
  A two-headed ogre (shapeshifter) (Vaults:1)
  3 boulder beetles
  A blink frog (shapeshifter) (Vaults:4)
  21 blink frogs
  14 bog bodies
  A stone giant simulacrum (Vaults:2)
  A fire giant simulacrum (Vaults:4)
  16 tarantellas
  92 redbacks
  5 shadows
  A wraith (Vaults:5)
  27 yaks
  A redback (shapeshifter) (Vaults:5)
  8 spriggans
  A wyvern (D:10)
  Sigmund (D:2)
  2 air elementals
  3 vampires (Vaults:2)
  3 fire elementals
  8 water elementals
  2 golden eyes (Slime:4)
  4 basilisks
  11 hippogriffs
  6 hogs (Swamp:2)
  Grum (D:10)
  A human (shapeshifter) (Vaults:2)
  3 hungry ghosts
  16 vampire mosquitoes
  A mottled dragon (shapeshifter) (Vaults:3)
  12 wargs
  3 steam dragons (Lair:6)
  19 swamp worms
  A soldier ant (shapeshifter) (Vaults:3)
  4 mottled dragons
  10 insubstantial wisps
  A swamp worm (shapeshifter) (Vaults:4)
  14 water moccasins
  3 large abominations
  A porcupine (shapeshifter) (Vaults:5)
  7 swamp drakes
  40 orc warriors
  10 porcupines
  4 phantoms
  A black bear (D:8)
  A giant eyeball (shapeshifter) (Vaults:4)
  22 wasps
  4 ice beasts
  5 sky beasts
  An elf zombie (Vaults:4)
  An eye of draining (Slime:2)
  46 ogres
  3 necrophages
  17 wolves
  11 centaurs
  3 boggarts (Vaults:3)
  10 crocodiles
  20 giant frogs
  3 big kobolds (D:10)
  5 earth elementals
  A boulder beetle zombie (Vaults:1)
  3 scorpions
  A water moccasin zombie (D:8)
  An elf simulacrum (Vaults:2)
  4 killer bees
  An orc simulacrum (Vaults:2)
  11 wights
  A howler monkey (shapeshifter) (Vaults:4)
  3 howler monkeys
  2 human simulacra
  8 crimson imps
  8 hounds
  2 giant frog zombies
  5 centaur skeletons
  7 centaur zombies
  5 jellies
  24 orc priests
  3 giant frog skeletons
  A gnoll shaman (Orc:2)
  9 iguanas
  Ijyb (D:2)
  Natasha (twice) (D:2)
  Terence (D:2)
  26 orc wizards
  11 worker ants
  22 sheep
  A hound skeleton (D:6)
  A worker ant zombie (D:8)
  A howler monkey zombie (D:5)
  22 adders
  3 gnolls (Orc:2)
  62 river rats
  A shadow imp (D:12)
  4 oozes
  An adder zombie (D:3)
  4 worms
  A dart slug (D:2)
  2 giant geckos
  107 orcs
  7 bats
  4 giant cockroaches
  5 goblins
  3 hobgoblins
  11 jackals
  4 quokkas
  13 ball pythons
  A ball python skeleton (D:3)
  A giant cockroach zombie (D:5)
  A giant gecko zombie (D:3)
  10 giant newts
  A jackal skeleton (D:3)
  A jackal zombie (D:3)
  17 kobolds
  2 quokka skeletons
  34 rats
  7 briar patches (Swamp:3)
  3 crawling corpses
  6 fungi
  7 plants
2027 creatures vanquished.

Vanquished Creatures (others)
  2 deep elf master archers (Elf:3)
  A stone giant (Vaults:5)
  2 yaktaur captains (Vaults:5)
  A deep elf knight (Elf:1)
  3 deep elf archers
  3 deep elf magi
  5 yaktaurs
  An ogre (Vaults:2)
  A hound (D:4)
  An orc priest (Vaults:3)
  2 adders (D:4)
  A shadow imp (D:10)
  2 orcs
  4 jackals (D:4)
  A quokka (D:4)
  A quokka skeleton (D:4)
  A briar patch (Swamp:3)
  11 fungi
  9 plants
52 creatures vanquished.

Grand Total: 2079 creatures vanquished

Notes
Turn   | Place    | Note
-------+----------+-------------------------------------------
     0 | D:1      | Ladykiller69 the Formicid Fighter began the quest for the Orb.
     0 | D:1      | Reached XP level 1. HP: 18/18 MP: 1/1
   214 | D:1      | Reached XP level 2. HP: 23/24 MP: 2/2
   449 | D:2      | Found a faded altar of an unknown god.
   454 | D:2      | Noticed Ijyb
   489 | D:2      | Killed Ijyb
   489 | D:2      | Reached XP level 3. HP: 26/29 MP: 3/3
   539 | D:2      | Reached XP level 4. HP: 36/37 MP: 4/4
   563 | D:2      | Reached skill level 3 in Axes
   599 | D:2      | Noticed Natasha
   606 | D:2      | Killed Natasha
   659 | D:2      | Noticed Terence
   667 | D:2      | Killed Terence
   667 | D:2      | Reached XP level 5. HP: 34/42 MP: 5/5
   695 | D:2      | Noticed Sigmund
   708 | D:2      | Killed Sigmund
   708 | D:2      | Reached skill level 4 in Axes
   708 | D:2      | Reached XP level 6. HP: 44/49 MP: 6/6
   981 | D:2      | Noticed Natasha
   986 | D:2      | Killed Natasha
   986 | D:2      | Reached skill level 5 in Shields
  1257 | D:3      | Upgraded the game from 0.19-a0-1111-gcceb26a to 0.19-a0-1127-gac58878
  1268 | D:3      | Reached XP level 7. HP: 51/55 MP: 7/7
  1742 | D:4      | Noticed Pikel
  1761 | D:4      | Killed Pikel
  1761 | D:4      | Reached skill level 5 in Fighting
  1761 | D:4      | Reached skill level 6 in Axes
  1761 | D:4      | Reached skill level 5 in Armour
  1761 | D:4      | Reached XP level 8. HP: 44/63 MP: 8/8
  2809 | D:5      | Entered Level 5 of the Dungeon
  2809 | D:5      | Found Lotet's Distillery.
  2816 | D:5      | Bought a potion of curing for 33 gold pieces
  2816 | D:5      | Bought a potion of curing for 33 gold pieces
  2816 | D:5      | Bought a potion of lignification for 33 gold pieces
  2830 | D:5      | Noticed Prince Ribbit
  2998 | D:5      | Found a basalt altar of Yredelemnul.
  2998 | D:5      | Found a sacrificial altar of Ru.
  3003 | D:5      | Noticed Grinder
  3042 | D:5      | Killed Grinder
  3187 | D:5      | You fall through a shaft for 3 floors!
  3493 | D:8      | Reached skill level 7 in Axes
  3493 | D:8      | Reached XP level 9. HP: 49/69 MP: 9/9
  3688 | D:7      | Found a shadowy altar of Dithmenos.
  3702 | D:6      | Found Tyurait's Magic Scroll Emporium.
  3816 | D:6      | Found a staircase to the Ecumenical Temple.
  3835 | D:6      | Reached skill level 8 in Axes
  4003 | D:6      | Noticed epen's ghost (novice SpMo)
  4031 | D:6      | Killed epen's ghost
  4067 | D:6      | Found a glowing drain.
  4072 | Sewer    | Entered a sewer
  4585 | Sewer    | Reached skill level 9 in Axes
  4695 | D:6      | Reached XP level 10. HP: 76/76 MP: 10/10
  4762 | Temple   | Entered the Ecumenical Temple
  5152 | D:6      | Bought a scroll of fear for 52 gold pieces
  5152 | D:6      | Bought a scroll of identify for 30 gold pieces
  5155 | D:6      | Bought a scroll of remove curse for 45 gold pieces
  5216 | D:7      | Found a snail-covered altar of Cheibriados.
  5229 | D:7      | Became a worshipper of Cheibriados the Contemplative
  5858 | D:8      | Reached skill level 10 in Axes
  5906 | D:8      | Found a hazy altar of Hepliaklqana.
  6000 | D:8      | Reached * piety under Cheibriados
  6125 | D:8      | Found a bloodstained altar of Trog.
  6345 | D:9      | Reached skill level 11 in Axes
  6364 | D:9      | Reached ** piety under Cheibriados
  6419 | D:9      | Found a glowing silver altar of Zin.
  6542 | D:9      | Reached skill level 12 in Axes
  6582 | D:9      | Noticed Psyche
  6589 | D:9      | Reached *** piety under Cheibriados
  6611 | D:9      | Killed Psyche
  6611 | D:9      | Reached XP level 11. HP: 73/81 MP: 11/11
  6773 | D:10     | Entered Level 10 of the Dungeon
  6956 | D:10     | Reached **** piety under Cheibriados
  6989 | D:10     | Reached skill level 13 in Axes
  7008 | D:10     | Noticed Harold
  7015 | D:10     | Noticed Harold
  7015 | D:10     | Harold changed into Harold the tarantella
  7024 | D:10     | Killed Harold the tarantella
  7308 | D:10     | Noticed Erica
  7317 | D:10     | Killed Erica
  7401 | D:10     | Noticed an unseen horror
  7412 | D:10     | Killed an unseen horror
  7478 | D:10     | Reached skill level 14 in Axes
  7611 | D:10     | Reached ***** piety under Cheibriados
  7745 | D:10     | Noticed Grum
  7767 | D:10     | Killed Grum
  7807 | D:10     | Noticed a hill giant
  7811 | D:10     | You fall through a shaft for 2 floors!
  7846 | D:11     | Noticed a six-headed hydra
  7853 | D:11     | Killed a three-headed hydra
  7991 | D:10     | Reached XP level 12. HP: 88/88 MP: 12/12
  8398 | D:11     | Reached skill level 15 in Axes
  8819 | D:12     | Reached skill level 1 in Invocations
  8870 | D:12     | Reached skill level 1 in Dodging
  8875 | D:12     | Found a staircase to the Orcish Mines.
  8890 | Orc:1    | Entered Level 1 of the Orcish Mines
  8970 | Orc:1    | Reached ****** piety under Cheibriados
  9036 | Orc:1    | Found a roughly hewn altar of Beogh.
  9036 | Orc:1    | Noticed an orc high priest
  9037 | Orc:1    | Noticed a soul eater
  9046 | Orc:1    | Killed an orc high priest
  9109 | Orc:2    | Entered Level 2 of the Orcish Mines
  9117 | Orc:2    | Noticed Erolcha
  9830 | D:13     | Found Puac's General Store.
  9882 | D:13     | Reached skill level 5 in Invocations
 10217 | D:13     | Reached XP level 13. HP: 95/96 MP: 17/17
 10551 | D:13     | Found a gate to the Vaults.
 10618 | D:13     | Noticed a vault guard
 10631 | D:13     | Killed a vault guard
 10632 | D:13     | Noticed a centaur warrior
 10643 | D:13     | Killed a centaur warrior
 10736 | D:14     | Found Lotreime's General Store.
 11214 | D:14     | Bought a scroll of identify for 26 gold pieces
 11448 | D:14     | Noticed a centaur warrior
 11453 | D:14     | Killed a centaur warrior
 11476 | D:15     | Entered Level 15 of the Dungeon
 11902 | D:15     | Reached skill level 16 in Axes
 12461 | D:10     | Found a staircase to the Lair.
 12480 | Lair:1   | Entered Level 1 of the Lair of Beasts
 12485 | Lair:1   | Reached XP level 14. HP: 87/106 MP: 21/21
 12721 | Lair:1   | Noticed Nergalle
 12735 | Lair:1   | Killed Nergalle
 12944 | Lair:2   | Reached skill level 5 in Dodging
 13303 | Lair:2   | Reached skill level 10 in Invocations
 13941 | Lair:3   | Found a hole to the Spider Nest.
 13977 | Lair:3   | Found a labyrinth entrance.
 14010 | Lab      | Entered a labyrinth
 14875 | Lab      | Got an ichor-stained flail {venom}
 14883 | Lab      | Got a fine bronze ring
 14904 | Lab      | Got an ivory whip
 15421 | Lair:3   | Identified a scroll of acquirement
 15426 | Lair:3   | Identified the ring "Acwiptoxuh" {Ice rElec Str-5 Int+5 Stlth+} (You found it in a labyrinth)
 15434 | Lair:3   | Learned a level 2 spell: Shroud of Golubria
 15914 | Lair:4   | Found a staircase to the Swamp.
 16277 | Lair:6   | Entered Level 6 of the Lair of Beasts
 16523 | Lair:5   | Noticed Nessos
 16532 | Lair:5   | Killed Nessos
 16532 | Lair:5   | Reached skill level 10 in Fighting
 16667 | Lair:5   | Reached XP level 15. HP: 102/115 MP: 23/23
 16688 | Lair:6   | Reached skill level 10 in Armour
 16822 | Lair:6   | Learned a level 1 spell: Apportation
 16881 | Lair:6   | Found a staircase to the Slime Pits.
 16989 | Lair:6   | Reached skill level 1 in Charms
 17083 | Lair:6   | Reached skill level 1 in Translocations
 17374 | Lair:6   | Found a runed door.
 18029 | D:13     | Bought a scroll of magic mapping for 52 gold pieces
 18029 | D:13     | Bought a +0 shield of poison resistance for 127 gold pieces
 18029 | D:13     | Bought a potion of curing for 45 gold pieces
 18257 | Swamp:1  | Entered Level 1 of the Swamp
 19063 | Swamp:2  | Noticed Kirke
 19068 | Swamp:2  | Noticed a sphinx
 19068 | Swamp:2  | Reached XP level 16. HP: 109/125 MP: 25/25
 19071 | Swamp:2  | Reached skill level 17 in Axes
 19073 | Swamp:2  | Killed Kirke
 20085 | Swamp:3  | Noticed a thorn hunter
 20560 | Lair:1   | Learned a level 3 spell: Portal Projectile
 20567 | Lair:1   | Learned a level 6 spell: Poison Arrow
 20736 | Swamp:3  | Killed a thorn hunter
 20736 | Swamp:3  | Reached skill level 5 in Charms
 20748 | Swamp:3  | Got a shimmering cloak
 20759 | Swamp:3  | Identified the +2 cloak of Tender Moments {rN+++ Int-4} (You found it on level 3 of the Swamp)
 21029 | Swamp:3  | Reached skill level 1 in Spellcasting
 21029 | Swamp:3  | Reached skill level 1 in Conjurations
 21049 | Swamp:3  | Noticed a thorn hunter
 21077 | Swamp:3  | Killed a thorn hunter
 21649 | Swamp:4  | Entered Level 4 of the Swamp
 21906 | Swamp:4  | Reached skill level 5 in Translocations
 21940 | Swamp:4  | Reached XP level 17. HP: 52/133 MP: 26/26
 22410 | Swamp:4  | Noticed a tentacled monstrosity
 22422 | Swamp:4  | Killed a tentacled monstrosity
 22951 | Swamp:4  | Got a decaying rune of Zot
 23265 | Spider:1 | Entered Level 1 of the Spider Nest
 23289 | Spider:1 | Upgraded the game from 0.19-a0-1127-gac58878 to 0.19-a0-1155-gb6eeeff
 23539 | Spider:1 | Reached XP level 18. HP: 107/140 MP: 27/27
 23540 | Spider:1 | Reached XP level 19. HP: 112/146 MP: 28/28
 23895 | Spider:2 | Noticed Nattefrost's ghost (adept OgBe)
 23919 | Spider:2 | HP: 5/146 [Nattefrost's ghost (7)]
 23924 | Spider:2 | Killed Nattefrost's ghost
 23947 | Spider:2 | Reached skill level 5 in Spellcasting
 24246 | Orc:2    | Killed Erolcha
 24393 | Orc:2    | Reached skill level 1 in Throwing
 24527 | Orc:2    | Found Temoidif's Gadget Shoppe.
 24527 | Orc:2    | Found Filopiybb's Magic Scroll Shop.
 24527 | Orc:2    | Found Tocasiup's Magic Scroll Shop.
 24527 | Orc:2    | Found Askeohaj's Assorted Antiques.
 24586 | Orc:2    | Found a staircase to the Elven Halls.
 24747 | Orc:2    | Found a burning altar of Makhleb.
 24971 | Elf:1    | Entered Level 1 of the Elven Halls
 25036 | Elf:1    | Noticed Agnes
 25048 | Elf:1    | Killed Agnes
 25048 | Elf:1    | Reached XP level 20. HP: 134/154 MP: 29/29
 25381 | Vaults:1 | Entered Level 1 of the Vaults
 25714 | Vaults:1 | Reached skill level 10 in Shields
 25808 | Vaults:1 | Noticed Jorgrun
 25820 | Vaults:1 | Killed Jorgrun
 26713 | Vaults:2 | Reached skill level 5 in Throwing
 26850 | Vaults:2 | Reached skill level 18 in Axes
 27107 | Vaults:2 | Reached XP level 21. HP: 137/162 MP: 30/30
 27115 | Vaults:2 | Reached skill level 10 in Dodging
 27979 | Vaults:2 | Found a staircase to the Crypt.
 28092 | Vaults:3 | Reached skill level 10 in Conjurations
 28235 | Vaults:3 | Found Tunoemod's Assorted Antiques.
 28256 | Vaults:3 | Bought a triangular peridot amulet for 185 gold pieces
 28256 | Vaults:3 | Bought a pair of runed gloves for 166 gold pieces
 28725 | Vaults:4 | Noticed Margery
 28744 | Vaults:4 | Killed Margery
 29170 | Vaults:4 | Found Gumeomod's Food Emporium.
 29262 | Vaults:3 | Found Veuwnom's Armour Emporium.
 29547 | Vaults:3 | Found Xavole's Jewellery Emporium.
 29554 | Vaults:3 | Bought a +6 amulet of reflection for 475 gold pieces
 29563 | Vaults:3 | Found Quno's Food Emporium.
 29767 | Vaults:3 | Reached skill level 15 in Shields
 29822 | Vaults:3 | Reached XP level 22. HP: 169/169 MP: 31/31
 30045 | Vaults:4 | Noticed Aizul
 30062 | Vaults:4 | Killed Aizul
 30117 | Vaults:4 | Noticed Sojobo
 30153 | Vaults:4 | Killed Sojobo
 30911 | Vaults:4 | Found a portal to a secret trove of treasure.
 30946 | Vaults:4 | Found Wainotog's Book Emporium.
 31608 | Vaults:5 | Entered Level 5 of the Vaults
 31889 | Vaults:4 | Reached XP level 23. HP: 179/179 MP: 32/32
 32319 | Vaults:5 | Reached skill level 19 in Axes
 32433 | Vaults:5 | Found Maroofik's Assorted Antiques.
 32444 | Vaults:5 | Reached skill level 15 in Fighting
 32453 | Vaults:5 | Reached skill level 15 in Armour
 33407 | Vaults:5 | Reached XP level 24. HP: 175/189 MP: 32/32
 33690 | Vaults:5 | Noticed an ancient lich
 33704 | Vaults:5 | Killed an ancient lich
 33766 | Vaults:5 | Identified Zetziaxa's Disquisition on Stones and Talismans
 33909 | Vaults:5 | Got a silver rune of Zot
 34029 | Vaults:5 | Noticed a golden dragon
 34035 | Vaults:5 | Noticed a golden dragon
 34047 | Vaults:5 | Killed a golden dragon
 34052 | Vaults:5 | Killed a golden dragon
 34074 | Vaults:5 | Noticed a golden dragon
 35097 | Lair:1   | Learned a level 4 spell: Passage of Golubria
 35886 | Elf:1    | Noticed Asterion
 36112 | Elf:1    | Killed Asterion
 36317 | Elf:1    | Identified Agicicsi's Catalogue of Supportive Attacks
 36321 | Elf:1    | Learned a level 1 spell: Summon Butterflies
 36439 | Elf:3    | Entered Level 3 of the Elven Halls
 36525 | Elf:2    | Reached skill level 1 in Summonings
 36536 | Elf:2    | Reached skill level 20 in Axes
 36544 | Elf:2    | Reached XP level 25. HP: 188/199 MP: 32/32
 36734 | Elf:2    | Found Xemih's Gadget Boutique.
 36768 | Elf:2    | Identified Ts'ui Pên's Catalogue of Forking Paths
 36778 | Elf:2    | Identified Uke Cai's Catalogue of Axaxaxas mlö
 36785 | Elf:2    | Identified the Tome of Combed Thunderclap
 36920 | Elf:2    | Found a huge runed gate.
 36920 | Elf:2    | Found a huge runed gate.
 36920 | Elf:2    | Found a huge runed gate.
 36924 | Elf:2    | Found a huge runed gate.
 36928 | Elf:2    | Found a huge runed gate.
 37241 | Elf:3    | Found Riaf's General Store.
 37852 | Elf:3    | Got a sparkling amber ring
 37880 | Elf:3    | Identified the Disquisition on the Mountains and Necromancy
 37897 | Elf:3    | Identified the Compendium of the Supportive Oath
 38015 | Elf:3    | Noticed Saint Roka
 38040 | Elf:3    | Killed Saint Roka
 38203 | Elf:3    | Identified the ring "Viaxt" {rF+ Str+3} (You took it off a deep elf annihilator on level 3 of the Elven Halls)
 38734 | Spider:2 | Reached skill level 10 in Translocations
 39183 | Spider:3 | Reached XP level 26. HP: 208/208 MP: 0/32
 39372 | Spider:4 | Entered Level 4 of the Spider Nest
 40410 | Spider:4 | Reached skill level 5 in Summonings
 40608 | Spider:4 | Got a gossamer rune of Zot
 40896 | Slime:1  | Entered Level 1 of the Pits of Slime
 41316 | Slime:1  | Reached skill level 10 in Throwing
 41471 | Slime:2  | Gained mutation: You are dopey. (Int -2) [a shining eye]
 41754 | Slime:5  | Entered Level 5 of the Pits of Slime
 41783 | Slime:5  | Noticed the Royal Jelly
 41794 | Slime:5  | Killed the Royal Jelly
 41800 | Slime:5  | HP: 10/313 [azure jelly[the Royal Jelly] (17)]
 41800 | Slime:5  | Demolished by a death ooze

Vault maps used:
D:1:      lightli_arrival_noodles
D:2:      ecumenical_altar_1, st_stairs_14, uniq_terence, uniq_natasha,
          uniq_sigmund, uniq_iyjb
D:3:      serial_undead, serial_undead_c, serial_undead_c, serial_undead_b,
          serial_undead_a
D:4:      first_bread, uniq_pikel
D:5:      gammafunk_temple_overflow_wave, serial_shops, shop, uniq_grinder,
          uniq_prince_ribbit1
D:6:      serial_shops, shop_scrolls, lightli_sewer_entry_pipes
D:7:      grunt_dithmenos_smoke_and_mirrors, slow_altar_1
D:8:      lemuel_coloured_pillars_altar, lemuel_round_altar
D:9:      kennysheep_little_box, uniq_psyche
D:10:     lair_0_dummy, grunt_pizzeria, uniq_harold, uniq_grum, uniq_erica
D:11:     nicolae_sextant
D:12:     david_orc_4
D:13:     david_vaults_5, serial_shops, nicolae_shop_statue_plus
D:14:     serial_shops, shop, serial_bayou_pond_b
D:15:     grunt_enter_depths_giant_problem
Temple:   regret_index_temple_generic_petals
Lair:1:   serial_bayou_pond_a, st_stairs_13, uniq_nergalle
Lair:3:   nicolae_spider_entry_orb_guardian, lab_entry_generic
Lair:4:   minmay_swamp_entry_worms, grunt_megastairs_2,
          infiniplex_staircase_pool
Lair:5:   eino_small_chamber_without_monster, cheibrodos_lair_caveside_slide,
          grunt_megastairs_3, serial_bayou_shore_b, uniq_nessos
Lair:6:   guppyfry_lair_end_dragon, wormcave, dpeg_slime_entry_corner
Swamp:1:  evilmike_swamp_ruin_house_5, swamp_pool3
Swamp:2:  nicolae_swamp_feature_on_the_river_bank, swamp_pool1, uniq_kirke
Swamp:3:  evilmike_swamp_ruin_house_6
Swamp:4:  swamp_vile
Spider:2: nicolae_spider_cling_halls
Spider:4: grunt_spider_rune_circles, nicolae_spider_cling_ruins
Slime:4:  cheibrodos_slime_lost_civilization_7
Orc:1:    kennysheep_orc_chapel
Orc:2:    st_orc_ogre_mass, bloody_makhleb, uniq_erolcha
Elf:1:    eino_elf_arrival_customs, minmay_elf_sorcery, st_stairs_3,
          minmay_the_grid_2x2, uniq_asterion, uniq_agnes
Elf:2:    serial_shops, shop_fountains, bh_hangedman_babel_library,
          lemuel_elevator
Elf:3:    minmay_elf_hall_curves, serial_shops, shop, uniq_saint_roka
Vaults:1: nicolae_vaults_network_barrier, vaults_mumra_minichess, v_rooms_5,
          hangedman_vaults_stretched_pinwheel, ontoclasm_vaults_eye,
          uniq_jorgrun
Vaults:2: hangedman_vaults_corner, minmay_crypt_entry_vampire_xt, serial_ice_b,
          st_lattice, ontoclasm_vaults_twist, vaults_standard_mumra_lines,
          v_misc_10, v_misc_11, nicolae_vaults_little_squares_1,
          nicolae_vaults_border_crossing, vaults_room_hallway, serial_glass
Vaults:3: v_rooms_1, nicolae_vaults_network_s,
          hangedman_vaults_hard_town_square, hangedman_vaults_maws,
          hangedman_vaults_nodes, grunt_vaults_focal, vaults_dpeg_cross,
          vaults_dpeg_hooks, vaults_dpeg_encased_lava, serial_shops,
          nicolae_shop_overgrown_old_shop
Vaults:4: v_misc_22, nicolae_vaults_ninety_degrees,
          nicolae_vaults_twisting_passages, ontoclasm_vaults_ring_square,
          hangedman_vaults_snaps, v_misc_25, v_misc_26, ontoclasm_vaults_shout,
          v_misc_15, vaults_room_fours, nicolae_trove_entry_path_of_doom,
          serial_shops, shop_statue, nicolae_shop_statue_plus, uniq_aizul,
          uniq_margery, uniq_sojobo
Vaults:5: serial_shops
Lab:      lab_statue, labyrinth_skeletal_remains
Sewer:    sewer_minmay_w

Skill      XL: |  1  2  3  4  5  6  7  8  9 10 11 12 13 14 15 16 17 18 19 20 21 22 23 24 25 26 |
---------------+-------------------------------------------------------------------------------+-----
Shields        | 4 5 6 8 9 11 15 | 15.0
Axes           | 3 4 6 7 9 12 14 15 16 17 18 19 20 | 20.8
Fighting       | 4 5 6 7 8 10 11 12 13 14 15 16 17 | 17.4
Armour         | 4 5 6 7 8 9 11 12 13 14 15 16 17 | 17.3
Invocations    | 5 9 11 12 | 12.0
Dodging        | 2 4 6 7 8 9 10 11 12 13 14 | 14.3
Charms         | 3 5 6 |  6.0
Translocations | 3 5 6 7 8 10 11 | 11.5
Spellcasting   | 1 3 4 5 |  5.0
Conjurations   | 2 6 7 8 9 11 | 11.1
Throwing       | 2 6 7 8 9 10 | 10.3
Summonings     | 1 4 6 |  6.3

Action                   |  1- 3 |  4- 6 |  7- 9 | 10-12 | 13-15 | 16-18 | 19-21 | 22-24 | 25-27 || total
-------------------------+-------+-------+-------+-------+-------+-------+-------+-------+-------++-------
Melee: War axe           |    85 |    90 |   458 |   120 |       |       |       |       |       ||   753
       Battleaxe         |       |       |       |   526 |  1044 |   576 |  1110 |  1108 |   109 ||  4473
       Scimitar          |       |       |       |     5 |    24 |       |       |       |       ||    29
       Executioner's axe |       |       |       |       |       |       |       |       |   682 ||   682
Throw: Tomahawk          |       |       |     2 |     1 |       |       |    44 |       |    43 ||    90
       Javelin           |       |       |       |       |       |       |     2 |       |       ||     2
 Cast: Shroud of Golubri |       |       |       |       |       |     1 |    11 |    23 |     3 ||    38
       Portal Projectile |       |       |       |       |       |       |     3 |       |     7 ||    10
       Apportation       |       |       |       |       |       |       |     1 |       |       ||     1
Invok: Slouch            |       |       |       |       |       |     2 |       |     3 |     1 ||     6
       Step From Time    |       |       |       |       |       |     1 |       |     2 |       ||     3
       Temporal Distorti |       |       |       |       |       |       |     1 |       |     9 ||    10
       Bend Time         |       |       |       |       |       |       |       |     2 |       ||     2
 Abil: Dig               |     1 |     2 |    11 |    17 |    41 |     3 |     4 |     5 |     9 ||    93
       Shaft Self        |       |       |     1 |     1 |       |       |       |       |       ||     2
Evoke: Wand              |       |       |       |     4 |       |     2 |     5 |     1 |     2 ||    14
  Use: Potion            |       |     1 |     2 |     3 |       |     2 |     1 |     1 |     2 ||    12
       Scroll            |       |       |       |     5 |    26 |     2 |       |     8 |    13 ||    54
 Stab: Petrified         |       |       |       |       |     3 |       |       |       |       ||     3
       Distracted        |       |       |       |       |       |       |     1 |     1 |     1 ||     3
       Held in net/web   |       |       |       |       |       |       |       |       |     3 ||     3
  Eat: Chunk             |       |     2 |    10 |    14 |    12 |     2 |    13 |     9 |     6 ||    68
       Beef jerky        |       |       |     2 |       |     3 |       |       |     2 |       ||     7
       Pizza             |       |       |     1 |       |       |     3 |     1 |       |     1 ||     6
       Fruit             |       |       |     3 |     1 |     2 |     4 |       |       |     2 ||    12
       Bread ration      |       |       |       |       |     1 |       |       |       |       ||     1
       Royal jelly       |       |       |       |       |       |       |       |     1 |       ||     1
       Meat ration       |       |       |       |       |       |       |       |       |     2 ||     2
Armor: Scale mail        |    38 |    24 |    69 |       |       |       |       |       |       ||   131
       Plate armour      |       |       |   110 |   257 |   360 |   323 |   324 |   237 |       ||  1611
       Skin              |       |       |    29 |     8 |       |       |       |       |    27 ||    64
       Gold dragon armou |       |       |       |       |       |       |       |    41 |   174 ||   215
Dodge: Dodged            |    35 |    29 |   105 |   141 |   408 |   348 |   514 |   393 |   322 ||  2295
Block: Shield            |    44 |    45 |   261 |   428 |   714 |   474 |   782 |   402 |       ||  3150
       Reflection        |       |       |       |       |       |       |     2 |    99 |    40 ||   141
       Large shield      |       |       |       |       |       |       |       |   904 |  1154 ||  2058
